[Event "Netanya Open 2019"]
[Site "Netanya"]
[Date "2019.06.23"]
[Round "1.44"]
[White "Ribstein, Orel"]
[Black "Poleg, Dan"]
[Result "0-1"]
[WhiteElo "1697"]
[BlackElo "2268"]
[PlyCount "78"]
[EventDate "2019.06.23"]
[EventType "swiss"]
[EventRounds "9"]
[EventCountry "ISR"]
[TimeControl "40/5400+30:1800+30"]

1. d4 Nf6 2. c4 e6 3. g3 d5 4. Nf3 dxc4 5. Bg2 Nbd7 6. O-O a6 7. a4 Rb8 8. Qc2 b5 9. Ne5 Nxe5 10. dxe5 Nd7 11. axb5 axb5 12. Bc6 Bb4 13. Rd1 O-O 14. Be3 Qe7 15. Ba7 Nxe5 16. Bg2 Rb7 17. Bd4 Ng4 18. Bxb7 Bxb7 19. Ra7 Rb8 20. e3 Bd6 21. h3 Nf6 22. Bxf6 Qxf6 23. Nc3 Qf3 24. e4 Bc5 25. Rxb7 Qxg3+ 26. Kf1 Qxh3+ 27. Kg1 Rxb7 28. Rd8+ Bf8 29. Qd2 g6 30. Qg5 c6 31. e5 h6 32. Qf4 Ra7 33. Rd1 Qf5 34. Qe3 Ra8 35. f4 Be7 36. Kh2 b4 37. Ne4 Qh5+ 38. Qh3 Qxd1 39. Qxh6 Qh5+ 0-1

[Event "Netanya Open 2019"]
[Site "Netanya"]
[Date "2019.06.23"]
[Round "1.45"]
[White "Tzidkiya, Yeshaayahu"]
[Black "Sobel, Alon"]
[Result "1-0"]
[ECO "B81"]
[WhiteElo "2247"]
[BlackElo "1704"]
[PlyCount "107"]
[EventDate "2019.06.23"]
[EventType "swiss"]
[EventRounds "9"]
[EventCountry "ISR"]
[TimeControl "40/5400+30:1800+30"]

1. e4 c5 2. Nf3 e6 3. d4 cxd4 4. Nxd4 Nf6 5. Nc3 d6 6. g4 h6 7. Rg1 Be7 8. Be3 Nc6 9. Qe2 a6 10. h4 Nd7 11. O-O-O Qc7 12. g5 hxg5 13. hxg5 g6 14. f4 b5 15. Nxc6 Qxc6 16. Bd4 Rh5 17. Bg2 Bb7 18. Bf3 Rh7 19. Rge1 O-O-O 20. Nd5 Bxg5 21. fxg5 exd5 22. exd5 Qc4 23. Qxc4+ bxc4 24. Re7 Kb8 25. Rh1 Rxh1+ 26. Bxh1 Ne5 27. Be4 Kc8 28. Bb6 Rh8 29. Bc7 Rh4 30. Bxd6 Rxe4 31. Rc7+ Kd8 32. Rxb7 Nf3 33. Bb4 Nxg5 34. Bd2 Rg4 35. Bxg5+ Rxg5 {35...Rg1+ (illegal) 36. Kd2 Rxg5 was played} 36. Kd2 Z0 37. Rxf7 Rxd5+ 38. Kc3 Rd6 39. Rf4 Ke7 40. Kxc4 Rc6+ 41. Kd3 Ke6 42. c4 g5 43. Rd4 Kf5 44. Ke3 Rh6 45. Rd5+ Kg4 46. c5 Rh2 47. Rd2 Rh7 48. c6 Rc7 49. Rc2 Kf5 50. Kd4 g4 51. Kc5 g3 52. Kb6 Rc8 53. Kb7 g2 54. Rxg2 1-0

[Event "Netanya Open 2019"]
[Site "Netanya"]
[Date "2019.06.23"]
[Round "1.46"]
[White "Kushnir, Arie"]
[Black "Prraneeth Vuppala"]
[Result "0-1"]
[WhiteElo "1662"]
[BlackElo "2297"]
[PlyCount "72"]
[EventDate "2019.06.23"]
[EventType "swiss"]
[EventRounds "9"]
[EventCountry "ISR"]
[TimeControl "40/5400+30:1800+30"]

1. e4 c5 2. Nf3 d6 3. Bb5+ Nd7 4. O-O a6 5. Bd3 Ngf6 6. c3 b5 7. Bc2 Bb7 8. Re1 Qc7 9. d4 cxd4 10. cxd4 Rc8 11. Bb3 Nxe4 12. Nbd2 Nxd2 13. Bxd2 h6 14. Rc1 Qb8 15. Rxc8+ Qxc8 16. Qe2 Nf6 17. Bb4 e6 18. Nh4 g5 19. Ng6 Rg8 20. Nxf8 Rxf8 21. Bxd6 Qc6 22. Qf3 Qxd6 23. Qxb7 Nd7 24. Rc1 Ke7 25. d5 Rb8 26. Qc6 Qxc6 27. Rxc6 exd5 28. Bxd5 Rb6 29. Rxb6 Nxb6 30. Be4 Na4 31. b4 Nc3 32. Bb7 Kd6 33. a3 Nb1 34. a4 bxa4 35. Bxa6 Nd2 36. b5 a3 0-1

[Event "Netanya Open 2019"]
[Site "Netanya"]
[Date "2019.06.23"]
[Round "1.47"]
[White "Tifferet, Shaked"]
[Black "Neeman, Gal"]
[Result "1-0"]
[WhiteElo "2236"]
[BlackElo "1661"]
[PlyCount "97"]
[EventDate "2019.06.23"]
[EventType "swiss"]
[EventRounds "9"]
[EventCountry "ISR"]
[TimeControl "40/5400+30:1800+30"]

1. e4 c5 2. Nf3 e6 3. b3 Nc6 4. Bb2 d5 5. Bb5 Bd7 6. exd5 exd5 7. O-O d4 8. c3 Be7 9. Re1 Nf6 10. Qe2 a6 11. Bxc6 Bxc6 12. cxd4 Nd5 13. Nc3 Nf4 14. Qe3 Nxg2 15. Kxg2 cxd4 16. Qf4 dxc3 17. Ba3 O-O 18. Bxe7 Qxd2 19. Qxd2 cxd2 20. Re3 Rfc8 21. Rd1 Bxf3+ 22. Kxf3 Rc2 23. Rd3 Rxa2 24. R1xd2 Rxd2 25. Rxd2 f6 26. Rd8+ Rxd8 27. Bxd8 Kf7 28. Ke4 Ke6 29. Bc7 Kd7 30. Ba5 Kc6 31. Bb4 b5 32. Kd4 g6 33. Be7 f5 34. Bd8 Kd6 35. Ba5 g5 36. Bb4+ Ke6 37. Bd2 f4 38. Ke4 h6 39. Ba5 Kf6 40. Bc3+ Kg6 41. f3 Kf7 42. Kf5 Kg8 43. b4 Kf7 44. h3 Ke7 45. Bg7 Kf7 46. Bxh6 a5 47. bxa5 b4 48. Bxg5 b3 49. Bf6 1-0

[Event "Netanya Open 2019"]
[Site "Netanya"]
[Date "2019.06.23"]
[Round "1.48"]
[White "Kadosh, Lior"]
[Black "Cohen Revivo, Shoham"]
[Result "0-1"]
[WhiteElo "1649"]
[BlackElo "2225"]
[PlyCount "80"]
[EventDate "2019.06.23"]
[EventType "swiss"]
[EventRounds "9"]
[EventCountry "ISR"]
[TimeControl "40/5400+30:1800+30"]

1. e4 e6 2. d4 d5 3. Nc3 Nf6 4. exd5 exd5 5. Bg5 c6 6. Bd3 Bd6 7. Nf3 O-O 8. O-O Bg4 9. Re1 Nbd7 10. Re3 Qc7 11. h3 Bh5 12. Ne2 Rfe8 13. Nh4 Ne4 14. Bxe4 dxe4 15. Nf5 Bh2+ 16. Kh1 f6 17. Bh4 Bf4 18. Bg3 Bxg3 19. Rxg3 Bg6 20. Nh4 Nf8 21. Qd2 Rad8 22. Nf4 Qd6 23. Rd1 Kf7 24. c4 c5 25. d5 Re5 26. Qa5 b6 27. Qxa7+ Re7 28. Qa6 Qxf4 29. Nxg6 hxg6 30. Qxb6 Qxf2 31. Rxg6 Rdd7 32. Rg4 e3 33. Qa5 e2 34. Re1 f5 35. Rg5 Qf1+ 36. Kh2 Qf4+ 37. Kh1 Qxg5 38. Qxc5 Qe3 39. Qa5 Ra7 40. Qb4 Reb7 0-1

[Event "Netanya Open 2019"]
[Site "Netanya"]
[Date "2019.06.23"]
[Round "1.49"]
[White "Aleksikov, Oleksandr"]
[Black "Tal-Shahar, Liam"]
[Result "1-0"]
[WhiteElo "2234"]
[BlackElo "1623"]
[PlyCount "125"]
[EventDate "2019.06.23"]
[EventType "swiss"]
[EventRounds "9"]
[EventCountry "ISR"]
[TimeControl "40/5400+30:1800+30"]

1. e4 e5 2. Nf3 Nc6 3. Bb5 Bc5 4. c3 f5 5. exf5 e4 6. d4 exf3 7. dxc5 Qe7+ 8. Be3 fxg2 9. Rg1 Nf6 10. Nd2 O-O 11. Rxg2 d6 12. cxd6 cxd6 13. Bd3 Ne5 14. Nf3 Nd5 15. Nxe5 Nxe3 16. fxe3 Qxe5 17. Qb3+ Kh8 18. Kd2 b6 19. Rf1 Bb7 20. Rg3 Rae8 21. Qa4 a5 22. Qd4 Be4 23. Bxe4 Qxd4+ 24. exd4 Rxe4 25. Re3 Rh4 26. Rf2 Kg8 27. Re6 Rf6 28. Rxf6 gxf6 29. a4 Kf7 30. Ke3 d5 31. Kf3 Rh5 32. Kf4 Rh4+ 33. Kg3 Re4 34. Kf3 Re1 35. Re2 Rb1 36. h3 Rf1+ 37. Kg4 h5+ 38. Kxh5 Rxf5+ 39. Kg4 Rg5+ 40. Kf4 Rh5 41. Rh2 Rh4+ 42. Ke3 f5 43. Kf3 f4 44. Re2 Kf6 45. Re5 Rxh3+ 46. Kxf4 Rh2 47. Rxd5 Rxb2 48. Ke4 Ra2 49. Rd6+ Ke7 50. Rxb6 Rxa4 51. Kd5 Ra3 52. c4 Rh3 53. c5 a4 54. Ra6 a3 55. Ra7+ Kd8 56. Kc6 Rh6+ 57. Kb5 Rh3 58. d5 Kc8 59. Kc6 Kb8 60. Ra4 Rb3 61. d6 Rc3 62. d7 Rd3 63. Rxa3 1-0

[Event "Netanya Open 2019"]
[Site "Netanya"]
[Date "2019.06.23"]
[Round "1.50"]
[White "Sobel, Ido"]
[Black "Aroesti, Roee"]
[Result "0-1"]
[WhiteElo "1606"]
[BlackElo "2230"]
[PlyCount "82"]
[EventDate "2019.06.23"]
[EventType "swiss"]
[EventRounds "9"]
[EventCountry "ISR"]
[TimeControl "40/5400+30:1800+30"]

1. e4 c5 2. Nc3 Nc6 3. Bc4 g6 4. d3 Bg7 5. f4 d6 6. Nf3 Nf6 7. O-O O-O 8. Qe1 Nd4 9. Nxd4 cxd4 10. Ne2 d5 11. exd5 Nxd5 12. Ng3 Ne3 13. Bxe3 dxe3 14. c3 b5 15. Bb3 a5 16. a3 Qb6 17. d4 Be6 18. Bxe6 Qxe6 19. Rf3 Qb3 20. Qe2 b4 21. Rxe3 bxc3 22. bxc3 Rab8 23. Ne4 Qb2 24. Ra2 Qb1+ 25. Kf2 Qh1 26. Kg3 Rb1 27. Nd2 Rg1 28. Rxe7 Rc1 29. Re3 Rc8 30. Ne4 Qg1 31. Nc5 h5 32. Rd2 Bh6 33. Rdd3 h4+ 34. Kh3 Bxf4 35. Re8+ Kh7 36. Qe7 Qxh2+ 37. Kg4 Qxg2+ 38. Kxf4 Rf1+ 39. Ke3 Rxe8 40. Qxe8 Re1+ 41. Kf4 Rxe8 0-1

[Event "Netanya Open 2019"]
[Site "Netanya"]
[Date "2019.06.23"]
[Round "1.51"]
[White "Axelrod, Arie"]
[Black "Scheinfeild, Michael"]
[Result "1/2-1/2"]
[WhiteElo "2224"]
[BlackElo "1582"]
[PlyCount "105"]
[EventDate "2019.06.23"]
[EventType "swiss"]
[EventRounds "9"]
[EventCountry "ISR"]
[TimeControl "40/5400+30:1800+30"]

1. e4 c5 2. Nf3 Nc6 3. d4 Nxd4 4. Nxd4 cxd4 5. Qxd4 e6 6. Nc3 a6 7. Bf4 Ne7 8. O-O-O Nc6 9. Qe3 Be7 10. Qg3 O-O 11. h4 Qa5 12. h5 f5 13. h6 g6 14. Kb1 fxe4 15. Bd6 Bxd6 16. Qxd6 Qe5 17. g3 Qxd6 18. Rxd6 Rxf2 19. Nxe4 Rf8 20. Bg2 Ne7 21. g4 Nd5 22. g5 Rf5 23. Bh3 Rf7 24. c4 Ne3 25. Nf6+ Rxf6 26. gxf6 Nxc4 27. Bxe6+ dxe6 28. Rd8+ Kf7 29. Rh8 Kxf6 30. Rxh7 e5 31. Rc7 Bf5+ 32. Kc1 Ne3 33. Kd2 Ng4 34. h7 Rd8+ 35. Kc3 Rh8 36. Rxb7 e4 37. Rb6+ Ke5 38. Rxa6 e3 39. Ra7 g5 40. b4 Nf6 41. Re7+ Kd6 42. Rg7 Bxh7 43. Kd4 Re8 44. Rxg5 Re4+ 45. Kc3 Nd5+ 46. Kb3 Rxb4+ 47. Ka3 Rb7 48. Rd1 Be4 49. Rg3 Kc5 50. Rxd5+ Bxd5 51. Rxe3 Ra7+ 52. Kb2 Rxa2+ 53. Kc3 1/2-1/2

[Event "Netanya Open 2019"]
[Site "Netanya"]
[Date "2019.06.23"]
[Round "1.52"]
[White "Kopaloff, Liam"]
[Black "Bilych, Olexiy"]
[Result "0-1"]
[WhiteElo "1545"]
[BlackElo "2187"]
[PlyCount "120"]
[EventDate "2019.06.23"]
[EventType "swiss"]
[EventRounds "9"]
[EventCountry "ISR"]
[TimeControl "40/5400+30:1800+30"]

1. d4 Nf6 2. c4 e6 3. Nf3 b6 4. g3 Bb7 5. Bg2 g6 6. O-O Bg7 7. Nc3 Ne4 8. Qc2 Nxc3 9. bxc3 O-O 10. Ba3 d6 11. Rad1 Qc8 12. Nh4 Bxg2 13. Nxg2 Qa6 14. Qb3 c5 15. d5 exd5 16. Rxd5 Nc6 17. Ne3 Na5 18. Qb5 Qxb5 19. cxb5 Bxc3 20. Rxd6 Bd4 21. Rxd4 cxd4 22. Bxf8 dxe3 23. Bb4 Nc4 24. Rc1 Rc8 25. fxe3 f5 26. Kf2 Kf7 27. Rc3 Ke6 28. Ke1 h5 29. Kf2 Kf6 30. h3 Ke6 31. Ke1 g5 32. Kf2 h4 33. gxh4 gxh4 34. a4 Ke5 35. Ke1 Ke4 36. Kf2 Kd5 37. Rd3+ Ke6 38. Rc3 Rc7 39. Ke1 Kd7 40. Rd3+ Kc8 41. Rc3 Nb2 42. Rxc7+ Kxc7 43. a5 Nc4 44. a6 Nd6 45. Bxd6+ Kxd6 46. Kf2 Kc5 47. Kf3 Kxb5 48. Kf4 Kc4 49. Kxf5 b5 50. e4 b4 51. e5 b3 52. e6 b2 53. e7 b1=Q+ 54. Ke6 Qe4+ 55. Kf7 Qf5+ 56. Ke8 Kd5 57. e4+ Kxe4 58. Kd8 Qd5+ 59. Kc7 Qe6 60. Kd8 Qd6+ 0-1

[Event "Netanya Open 2019"]
[Site "Netanya"]
[Date "2019.06.23"]
[Round "1.53"]
[White "Schnaidman, Itzhak"]
[Black "Parligras, Cosmin"]
[Result "0-1"]
[ECO "B07"]
[WhiteElo "1474"]
[BlackElo "2198"]
[PlyCount "72"]
[EventDate "2019.06.23"]
[EventType "swiss"]
[EventRounds "9"]
[EventCountry "ISR"]
[TimeControl "40/5400+30:1800+30"]

1. d4 d6 2. e4 Nf6 3. Bd3 e5 4. Nf3 exd4 5. Nxd4 g6 6. O-O Bg7 7. Bg5 h6 8. Be3 Ng4 9. c3 Nxe3 10. fxe3 O-O 11. Qb3 Nd7 12. Be2 Qg5 13. Rf3 Ne5 14. Rg3 Qe7 15. Nd2 c5 16. N4f3 Be6 17. Qd1 Ng4 18. Nf1 h5 19. h3 Nf6 20. Ng5 Rad8 21. Qc2 h4 22. e5 hxg3 23. Nxe6 Qxe6 24. exf6 Bxf6 25. Bf3 d5 26. Rd1 c4 27. Bg4 Qe5 28. Rd4 Rfe8 29. Bf3 Bg5 30. Rg4 Bxe3+ 31. Kh1 Bf4 32. Rxg6+ fxg6 33. Bxd5+ Kg7 34. Bxc4 Qe4 35. Qb3 Rh8 36. Be6 Rd2 0-1

[Event "Netanya Open 2019"]
[Site "Netanya"]
[Date "2019.06.23"]
[Round "1.54"]
[White "Lukin, Elisha"]
[Black "Lazebnikov, Efim"]
[Result "1-0"]
[ECO "E44"]
[WhiteElo "2207"]
[BlackElo "1444"]
[PlyCount "69"]
[EventDate "2019.06.23"]
[EventType "swiss"]
[EventRounds "9"]
[EventCountry "ISR"]
[TimeControl "40/5400+30:1800+30"]

1. d4 e6 2. c4 b6 3. Nc3 Bb7 4. e3 Bb4 5. Nge2 Nf6 6. a3 Be7 7. d5 exd5 8. cxd5 d6 9. g3 Nbd7 10. Bg2 O-O 11. O-O Re8 12. b3 Bf8 13. Bb2 g6 14. Rc1 a6 15. Qd2 Bg7 16. Nd4 Ne5 17. f4 Neg4 18. Rce1 Rc8 19. h3 Nh6 20. e4 Nd7 21. b4 Kf8 22. g4 b5 23. g5 Ng8 24. e5 dxe5 25. Ne6+ fxe6 26. fxe5+ Bf6 27. gxf6 Kf7 28. dxe6+ Rxe6 29. Bxb7 Nb6 30. Qf2 Rb8 31. Ne4 h6 32. Rd1 Qe8 33. Nc5 Rxb7 34. Nxb7 Qc6 35. Nd8+ 1-0

[Event "Netanya Open 2019"]
[Site "Netanya"]
[Date "2019.06.23"]
[Round "1.55"]
[White "Lomakin, Vladimir"]
[Black "Karp, Michael"]
[Result "0-1"]
[ECO "C52"]
[WhiteElo "1430"]
[BlackElo "2199"]
[PlyCount "66"]
[EventDate "2019.06.23"]
[EventType "swiss"]
[EventRounds "9"]
[EventCountry "ISR"]
[TimeControl "40/5400+30:1800+30"]

1. e4 e5 2. Nf3 Nc6 3. Bc4 Bc5 4. b4 Bxb4 5. c3 Ba5 6. d4 d6 7. dxe5 Nge7 8. exd6 cxd6 9. O-O O-O 10. a4 Bg4 11. Be2 d5 12. exd5 Qxd5 13. c4 Qe6 14. Be3 Nf5 15. Ng5 Bxe2 16. Qxe2 Qf6 17. Ra3 Rfe8 18. Qf3 Nxe3 19. fxe3 Qxg5 20. Qxf7+ Kh8 21. Rf5 Qe7 22. Qd5 Rad8 23. Qf3 Ne5 24. Qe2 Qb4 25. Rf1 Qxc4 26. Qxc4 Nxc4 27. Rb3 Bb6 28. g3 Nxe3 29. Rc1 h5 30. h4 Ng4+ 31. Kg2 Re2+ 32. Kf3 Rf2+ 33. Ke4 Rd4# 0-1

[Event "Netanya Open 2019"]
[Site "Netanya"]
[Date "2019.06.23"]
[Round "1.56"]
[White "Musyuk, Lior"]
[Black "Kinberg, Raz"]
[Result "1-0"]
[ECO "C41"]
[WhiteElo "2176"]
[BlackElo "1385"]
[PlyCount "55"]
[EventDate "2019.06.23"]
[EventType "swiss"]
[EventRounds "9"]
[EventCountry "ISR"]
[TimeControl "40/5400+30:1800+30"]

1. e4 e5 2. Nf3 Nc6 3. d4 d6 4. dxe5 Nxe5 5. Nxe5 dxe5 6. Qxd8+ Kxd8 7. Bc4 Ke8 8. Be3 Nf6 9. f3 Bb4+ 10. Nd2 Ke7 11. c3 Bd6 12. a4 a5 13. g4 Be6 14. h4 Nd7 15. Bxe6 Kxe6 16. Nc4 Bc5 17. O-O-O b6 18. Bxc5 Nxc5 19. Rd5 f6 20. Rhd1 Rhe8 21. Ne3 Nxa4 22. Nf5 Kf7 23. Rd7+ Kf8 24. Rxg7 Rad8 25. Rdd7 Rxd7 26. Rxd7 c5 27. Nh6 Re7 28. Rd6 1-0

[Event "Netanya Open 2019"]
[Site "Netanya"]
[Date "2019.06.23"]
[Round "1.57"]
[White "Segev, Ido"]
[Black "Lahav, Michal"]
[Result "0-1"]
[ECO "E72"]
[WhiteElo "1382"]
[BlackElo "2171"]
[PlyCount "66"]
[EventDate "2019.06.23"]
[EventType "swiss"]
[EventRounds "9"]
[EventCountry "ISR"]
[TimeControl "40/5400+30:1800+30"]

1. c4 Nf6 2. Nc3 g6 3. g3 Bg7 4. Bg2 O-O 5. d4 c6 6. e4 d6 7. Nge2 c5 8. d5 e6 9. Bg5 h6 10. Bxf6 Bxf6 11. dxe6 Bxe6 12. e5 Bxe5 13. Bxb7 Nd7 14. Bxa8 Qxa8 15. O-O Bh3 16. f3 Bxf1 17. Qxf1 Nb6 18. b3 d5 19. cxd5 Nxd5 20. Rc1 Nb4 21. a3 Nd3 22. Rd1 c4 23. bxc4 Nb2 24. Rd5 Nxc4 25. Qc1 Bg7 26. Nf4 Rc8 27. Rd3 Ne5 28. Re3 Nxf3+ 29. Kh1 Nd4+ 30. Kg1 Nf3+ 31. Kh1 Bd4 32. a4 Nd2+ 33. Nfd5 Qxd5+ 0-1

[Event "Netanya Open 2019"]
[Site "Netanya"]
[Date "2019.06.23"]
[Round "1.58"]
[White "Streltsov, Alexey"]
[Black "Fudim, Basya"]
[Result "1-0"]
[ECO "C08"]
[WhiteElo "2170"]
[BlackElo "1332"]
[PlyCount "51"]
[EventDate "2019.06.23"]
[EventType "swiss"]
[EventRounds "9"]
[EventCountry "ISR"]
[TimeControl "40/5400+30:1800+30"]

1. e4 e6 2. d4 d5 3. Nd2 c5 4. exd5 exd5 5. Ngf3 Nf6 6. Bb5+ Nc6 7. O-O Be6 8. Re1 h6 9. Qe2 Qb6 10. Ne5 O-O-O 11. Bxc6 bxc6 12. c3 Bd6 13. dxc5 Bxc5 14. Nb3 Kc7 15. Nxc5 Qxc5 16. Be3 Qb5 17. Qc2 Qa6 18. a4 Kd6 19. Nxf7+ Kd7 20. Nxh8 Rxh8 21. Qg6 Rg8 22. Bd4 Qb7 23. Bxf6 gxf6 24. Qh7+ Kc8 25. Qxb7+ Kxb7 26. Rxe6 1-0

[Event "Netanya Open 2019"]
[Site "Netanya"]
[Date "2019.06.23"]
[Round "1.59"]
[White "Baran, Yulia"]
[Black "Gleizer, Mark"]
[Result "0-1"]
[ECO "B02"]
[WhiteElo "1344"]
[BlackElo "2180"]
[PlyCount "58"]
[EventDate "2019.06.23"]
[EventType "swiss"]
[EventRounds "9"]
[EventCountry "ISR"]
[TimeControl "40/5400+30:1800+30"]

1. e4 Nf6 2. Nc3 d5 3. exd5 Nxd5 4. Nxd5 Qxd5 5. d4 Nc6 6. Nf3 Bg4 7. Be2 O-O-O 8. c3 e5 9. dxe5 Qe4 10. Bd2 Bxf3 11. gxf3 Qxe5 12. Qc2 Bc5 13. Rd1 Rde8 14. Bc1 Re6 15. f4 Qf6 16. Kf1 Qh4 17. Bf3 Rhe8 18. h3 h5 19. Kg2 Rg6+ 20. Kf1 Kb8 21. Re1 Rxe1+ 22. Kxe1 a6 23. Kf1 Re6 24. Kg2 Rg6+ 25. Kf1 Re6 26. Kg2 Ne7 27. Rf1 c6 28. Rd1 Rg6+ 29. Kh2 Bxf2 0-1

[Event "Netanya Open 2019"]
[Site "Netanya"]
[Date "2019.06.23"]
[Round "1.60"]
[White "Aizenberg, Benny"]
[Black "Lisnovetzky, Daniel"]
[Result "1-0"]
[ECO "C78"]
[WhiteElo "2153"]
[BlackElo "1320"]
[PlyCount "53"]
[EventDate "2019.06.23"]
[EventType "swiss"]
[EventRounds "9"]
[EventCountry "ISR"]
[TimeControl "40/5400+30:1800+30"]

1. e4 e5 2. Nf3 Nc6 3. Bb5 a6 4. Ba4 Nf6 5. O-O Bc5 6. c3 Ba7 7. Re1 Ng4 8. d4 exd4 9. cxd4 Nxd4 10. Nxd4 Qh4 11. Be3 Qxh2+ 12. Kf1 Qh1+ 13. Ke2 Qxg2 14. Rg1 Qh3 15. Nc3 Nxe3 16. fxe3 Qh2+ 17. Kf1 b5 18. Bb3 Qh3+ 19. Kf2 c5 20. Nf5 c4 21. Rh1 Bxe3+ 22. Nxe3 Qe6 23. Bc2 Bb7 24. Nf5 O-O 25. Qh5 h6 26. Rag1 Qb6+ 27. Ke2 1-0

[Event "Netanya Open 2019"]
[Site "Netanya"]
[Date "2019.06.23"]
[Round "1.61"]
[White "Neeman, Ori"]
[Black "Kochavi, Ori"]
[Result "0-1"]
[ECO "C02"]
[WhiteElo "1285"]
[BlackElo "2151"]
[PlyCount "168"]
[EventDate "2019.06.23"]
[EventType "swiss"]
[EventRounds "9"]
[EventCountry "ISR"]
[TimeControl "40/5400+30:1800+30"]

1. e4 c6 2. d4 d5 3. e5 Bf5 4. Nf3 e6 5. Bd3 Bxd3 6. Qxd3 Qb6 7. c3 c5 8. O-O Nc6 9. Re1 Rc8 10. Qe2 cxd4 11. cxd4 Nge7 12. Nc3 Nf5 13. Be3 Be7 14. Rab1 O-O 15. Qb5 Qxb5 16. Nxb5 a6 17. Nc3 Na5 18. Bg5 Bb4 19. Ne2 Rc2 20. Ng3 Nxg3 21. hxg3 Nc4 22. a3 Ba5 23. b4 Bb6 24. Rb3 f6 25. exf6 gxf6 26. Bh6 Rc8 27. Be3 Ba7 28. Rd1 Nb2 29. Rd2 Rc1+ 30. Kh2 Na4 31. Re2 Ra1 32. Re1 Ra2 33. Rf1 b5 34. Rg1 Rcc2 35. Ne1 Rc3 36. Rxc3 Nxc3 37. Nf3 Rxa3 38. Rc1 Bb6 39. Bd2 Ne4 40. Rc8+ Kf7 41. Rb8 Nxd2 42. Rb7+ Kg8 43. Rb8+ Kg7 44. Rb7+ Kh6 45. Rxb6 Nxf3+ 46. gxf3 Rxf3 47. Kg2 Rd3 48. Rxe6 Kg6 49. Rxa6 Rxd4 50. Rd6 Kf5 51. Rd7 Ke6 52. Rxh7 Rxb4 53. Rb7 Rb1 54. Kf3 b4 55. Ke3 b3 56. Rb6+ Kf5 57. g4+ Kxg4 58. Kd2 Rb2+ 59. Kc3 Rxf2 60. Kxb3 Kf5 61. Kc3 Ke5 62. Kd3 Rf3+ 63. Ke2 Ra3 64. Rb5 f5 65. Rc5 Ke4 66. Rb5 Ra2+ 67. Kd1 f4 68. Rb6 d4 69. Rb8 f3 70. Re8+ Kd3 71. Ke1 Rg2 72. Kf1 Re2 73. Rc8 Ke3 74. Rd8 Kd3 75. Rf8 Re3 76. Kf2 Kd2 77. Rc8 Rc3 78. Re8 d3 79. Kxf3 Kc1 80. Ke3 d2+ 81. Ke2 Rc2 82. Rd8 d1=Q+ 83. Ke3 Re2+ 84. Kf4 Qf1+ 0-1

[Event "Netanya Open 2019"]
[Site "Netanya"]
[Date "2019.06.23"]
[Round "1.62"]
[White "Guz, Ari"]
[Black "Sivan, Guy"]
[Result "1-0"]
[ECO "A13"]
[WhiteElo "2135"]
[BlackElo "1246"]
[PlyCount "61"]
[EventDate "2019.06.23"]
[EventType "swiss"]
[EventRounds "9"]
[EventCountry "ISR"]
[TimeControl "40/5400+30:1800+30"]

1. c4 c5 2. b3 Nc6 3. Bb2 e6 4. Nf3 d5 5. e3 Nf6 6. cxd5 exd5 7. d4 Be6 8. Be2 cxd4 9. Nxd4 Nxd4 10. Qxd4 Rc8 11. O-O Bc5 12. Bb5+ Bd7 13. Qe5+ Be7 14. Bxd7+ Qxd7 15. Nc3 O-O 16. Nxd5 Qxd5 17. Qxe7 Rfe8 18. Qa3 Rc2 19. Bxf6 gxf6 20. Qxa7 Kh8 21. Rad1 Qc6 22. g3 b5 23. Qxf7 Rxa2 24. Rd7 Qxd7 25. Qxd7 Rb8 26. Rc1 Rg8 27. Rc7 Ra1+ 28. Kg2 Rxg3+ 29. hxg3 Rg1+ 30. Kxg1 b4 31. Rc8# 1-0

[Event "Netanya Open 2019"]
[Site "Netanya"]
[Date "2019.06.23"]
[Round "1.63"]
[White "Mendler, Omer"]
[Black "Levi, Netanel"]
[Result "0-1"]
[ECO "C41"]
[WhiteElo "1231"]
[BlackElo "2138"]
[PlyCount "110"]
[EventDate "2019.06.23"]
[EventType "swiss"]
[EventRounds "9"]
[EventCountry "ISR"]
[TimeControl "40/5400+30:1800+30"]

1. e4 d6 2. d4 Nf6 3. Nc3 Nbd7 4. Bc4 e5 5. Nf3 Be7 6. dxe5 dxe5 7. Bxf7+ Kxf7 8. Ng5+ Kg8 9. Ne6 Qe8 10. Nxc7 Qg6 11. Nxa8 Qxg2 12. Rf1 Nc5 13. Qe2 Bh3 14. Nc7 Qxf1+ 15. Qxf1 Bxf1 16. Kxf1 Ncxe4 17. Nxe4 Nxe4 18. f3 Nf6 19. b3 Bd6 20. Nb5 Bb8 21. Bb2 a6 22. Na3 Kf7 23. Nc4 Re8 24. Re1 e4 25. Bxf6 gxf6 26. Rxe4 Rxe4 27. fxe4 b5 28. Ne3 Bxh2 29. c4 bxc4 30. Nxc4 Ke6 31. Kg2 Bc7 32. b4 Bd6 33. a3 Be7 34. Kh3 h5 35. Na5 Kd7 36. Nc4 Kc6 37. Na5+ Kb5 38. Kg3 Ka4 39. Nc6 Bd6+ 40. Kh4 Kxa3 41. Kxh5 Bxb4 42. Nxb4 Kxb4 43. Kg6 a5 44. Kxf6 a4 45. e5 a3 46. e6 a2 47. e7 a1=Q+ 48. Kf7 Qf1+ 49. Ke8 Kc5 50. Kd8 Qf6 51. Kd7 Qf7 52. Kd8 Kd6 53. Kc8 Qxe7 54. Kb8 Kc6 55. Ka8 Qb7# 0-1

[Event "Netanya Open 2019"]
[Site "Netanya"]
[Date "2019.06.23"]
[Round "1.64"]
[White "Hoffmann, Yair"]
[Black "Friedland, Benzi"]
[Result "1-0"]
[ECO "E10"]
[WhiteElo "2175"]
[BlackElo "1189"]
[PlyCount "95"]
[EventDate "2019.06.23"]
[EventType "swiss"]
[EventRounds "9"]
[EventCountry "ISR"]
[TimeControl "40/5400+30:1800+30"]

1. d4 d5 2. c4 e6 3. Nf3 Nf6 4. Nc3 Nc6 5. a3 a6 6. e3 Be7 7. Qc2 Bd7 8. b4 dxc4 9. Bxc4 b5 10. Bd3 Bd6 11. Ne4 Rc8 12. Nc5 Bxc5 13. Qxc5 Qe7 14. Qg5 Qf8 15. O-O h6 16. Qg3 g5 17. Ne5 Rg8 18. Nxd7 Nxd7 19. Bb2 Nb6 20. Rac1 Qd6 21. Qh3 e5 22. Be4 Ne7 23. dxe5 Qe6 24. Qxe6 fxe6 25. Bb7 Rb8 26. Be4 Nc4 27. Rc2 Rd8 28. Bd4 Nd5 29. Ra1 Rg7 30. g3 g4 31. Bd3 Ncb6 32. Rd1 Rg5 33. Be2 Rg7 34. e4 Ne7 35. Rxc7 Na4 36. Ra7 Rc8 37. Rxa6 Nc3 38. Bxc3 Rxc3 39. Rxe6 h5 40. Bxb5+ Kf7 41. Rf6+ Kg8 42. Rd8+ Kh7 43. Rdd6 Ng8 44. Rf5 Ne7 45. Rxh5+ Kg8 46. Rd8+ Kf7 47. Be8+ Ke6 48. Rd6# 1-0

[Event "Netanya Open 2019"]
[Site "Netanya"]
[Date "2019.06.23"]
[Round "1.65"]
[White "Marques, Don"]
[Black "Hasidovsky, Michael"]
[Result "0-1"]
[ECO "B20"]
[WhiteElo "1179"]
[BlackElo "2135"]
[PlyCount "39"]
[EventDate "2019.06.23"]
[EventType "swiss"]
[EventRounds "9"]
[EventCountry "ISR"]
[TimeControl "40/5400+30:1800+30"]

1. e4 c5 2. Bc4 e6 3. Nc3 a6 4. a3 b5 5. Ba2 Bb7 6. d3 Be7 7. Be3 d5 8. exd5 exd5 9. d4 c4 10. b3 Bxa3 11. Qf3 Bb2 12. Nxd5 Bxd5 13. Qg4 Nf6 14. Qxg7 Rg8 15. Qh6 Bxa1 16. Ne2 Rg6 17. Qh4 Qa5+ 18. Bd2 Qxa2 19. O-O Rxg2+ 20. Kh1 0-1

[Event "Netanya Open 2019"]
[Site "Netanya"]
[Date "2019.06.23"]
[Round "1.66"]
[White "Zalkind, Konstantin"]
[Black "Khairova, Evelina"]
[Result "1-0"]
[ECO "A13"]
[WhiteElo "2116"]
[BlackElo "1501"]
[PlyCount "87"]
[EventDate "2019.06.23"]
[EventType "swiss"]
[EventRounds "9"]
[EventCountry "ISR"]
[TimeControl "40/5400+30:1800+30"]

1. Nf3 e6 2. c4 Nf6 3. b3 Be7 4. Bb2 O-O 5. g3 d6 6. Bg2 c5 7. O-O Nc6 8. d4 cxd4 9. Nxd4 Nxd4 10. Qxd4 e5 11. Qd2 Qc7 12. Nc3 a6 13. Rac1 Be6 14. e4 Rfd8 15. Nd5 Qd7 16. Nb6 Qc7 17. Nxa8 Rxa8 18. f4 exf4 19. gxf4 Rd8 20. Kh1 h6 21. Qc3 Rc8 22. Qg3 Kh7 23. Rcd1 Rd8 24. f5 Bd7 25. e5 dxe5 26. Bxe5 Qc8 27. Rde1 Bxf5 28. Bxf6 Bxf6 29. Rxf5 Qxf5 30. Be4 Qxe4+ 31. Rxe4 Rd1+ 32. Re1 Rd2 33. Qf3 Rd8 34. Qxb7 Rf8 35. c5 Kg8 36. Qd7 Kh7 37. Re8 Rxe8 38. Qxe8 Kg6 39. c6 Bg5 40. c7 Kh7 41. Qxf7 Bf6 42. c8=Q Bd8 43. Qcf5+ Kh8 44. Qf8# 1-0